 Dungeon Crawl Stone Soup version 0.18-b1-14-g029dad2 (webtiles) character file.

327 Wooh the Bolt Thrower (level 6, -9/37 HPs)
             Began as a Kobold Hunter on Apr 30, 2016.
             Mangled by an orc priest
             ... wielding a +0 war axe
              (10 damage)
             ... on level 4 of the Dungeon.
             The game lasted 00:11:25 (3277 turns).

Wooh the Bolt Thrower (Kobold Hunter)               Turns: 3277, Time: 00:11:25

Health: -9/37      AC:  5    Str: 16    XL:     6   Next: 79%
Magic:  6/6        EV: 16    Int:  9    God:
Gold:   199        SH:  0    Dex: 22    Spells: 0 memorised, 5 levels left

rFire  + . .     SeeInvis .     x - +9 whip of Devuiwui {venom, Str+4 Stlth+}
rCold  . . .     Gourm    .     c - +1 leather armour
rNeg   . . .     Faith    .     (shield restricted)
rPois  .         Spirit   .     (no helmet)
rElec  .         Dismiss  .     r - +0 cloak
rCorr  .         Reflect  .     (no gloves)
SustAt .         Harm     .     (no boots)
MR     .....                    (no amulet)
Stlth  ++++......               t - +5 ring of dexterity
                                h - ring of protection from fire

@: not resistant to hostile enchantments, stealthy
A: carnivore 3
a: no special abilities


You were on level 4 of the Dungeon.
You were very full.

You visited 1 branch of the dungeon, and saw 4 of its levels.

You collected 199 gold pieces.

Inventory:

Hand Weapons
 a - a +1 hand crossbow
 b - a +0 short sword
 x - the +9 whip of Devuiwui (weapon) {venom, Str+4 Stlth+}
   (You found it on level 4 of the Dungeon)

   It poisons the flesh of those it strikes.
   It affects your strength (+4).
   It makes you more stealthy.
Missiles
 d - 14 bolts
Armour
 c - a +1 leather armour (worn)
 r - a +0 cloak (worn)
 y - the +2 cloak of the Chupacabra {Int+6, unknown}
   (You found it on level 4 of the Dungeon)

   It affects your intelligence (+6).
Jewellery
 h - a ring of protection from fire (left hand)
 t - a +5 ring of dexterity (right hand)
Scrolls
 e - a scroll of magic mapping
 g - 2 scrolls of enchant armour
 j - a scroll of enchant weapon {unknown}
 m - 2 scrolls of remove curse
 n - 3 scrolls of blinking
 p - a scroll of immolation {unknown}
 q - 2 scrolls of recharging {unknown}
 u - 2 scrolls of identify {unknown}
Potions
 i - 2 potions of curing {unknown}
 l - 3 potions of mutation {unknown}
 o - a potion of brilliance {unknown}
 v - a potion of magic {unknown}
 w - a potion of heal wounds {unknown}
Comestibles
 f - 2 meat rations
 k - a beef jerky
 s - 3 chunks of flesh


   Skills:
 + Level 3.5 Fighting
 - Level 5.0 Short Blades
 - Level 5.7 Crossbows
 * Level 1.0 Armour
 - Level 2.8 Dodging
 - Level 4.0 Stealth


You had 5 spell levels left.
You didn't know any spells.

Dungeon Overview and Level Annotations

Branches:
Dungeon (4/15)
 Temple: D:4-7

Altars:
Cheibriados
Trog


Innate Abilities, Weirdness & Mutations

You are small and have problems with some larger weapons.
You are carnivorous and can eat meat at any time.


Message History

Your Armour skill increases to level 1!
You hit the orc but do no damage.
The orc is poisoned.
The orc priest miscasts a cantrip.
The orc hits you with a flail.
* * * LOW HITPOINT WARNING * * *
You hit the orc.
The orc looks even sicker.
The orc is severely wounded.
The orc barely misses you.
The orc priest miscasts a cantrip.
You whack the orc!
You kill the orc!
You barely miss the orc priest. The orc priest closely misses you.
You hit the orc priest.
The orc priest is poisoned.
The orc priest is lightly wounded.
The orc priest hits you with a war axe!
* * * LOW HITPOINT WARNING * * *
You hit the orc priest.
The orc priest looks even sicker.
The orc priest is moderately wounded.
The orc priest hits you with a war axe!
You die...

#####.#.######.########.#
#.....#.# #.#........#
#.#####.######.#.########
#...>...................##
####.##..#######.######..######
#..........................+ .
####..#######.#######.######..
#..# #.# #.......# #..#######@#
#.......# #.........o####
#.......#
.###.....).....###..#####
#..)..........####'###
......%.....(........#
#.#..........(.......# . #
#.........(........# ..
############.......#...
#.......#...


You could see an orc priest.

Vanquished Creatures
  An ogre (D:4)
  2 orc priests
  A worker ant (D:4)
  A gnoll (D:3)
  5 adders
  A worm (D:3)
  3 dart slugs
  4 giant geckos
  9 orcs
  4 giant cockroaches
  7 hobgoblins
  4 jackals (D:1)
  2 quokkas
  7 bats
  5 giant newts
  12 goblins
  3 kobolds
  7 rats
78 creatures vanquished.

Notes
Turn   | Place    | Note
--------------------------------------------------------------
     0 | D:1      | Wooh the Kobold Hunter began the quest for the Orb.
     0 | D:1      | Reached XP level 1. HP: 12/12 MP: 1/1
   111 | D:1      | Reached XP level 2. HP: 10/17 MP: 2/2
   569 | D:1      | Reached skill level 1 in Short Blades
   648 | D:1      | Reached XP level 3. HP: 21/21 MP: 3/3
  1210 | D:2      | Reached XP level 4. HP: 26/26 MP: 4/4
  1554 | D:2      | Found a bloodstained altar of Trog.
  1951 | D:3      | Found a snail-covered altar of Cheibriados.
  2013 | D:3      | Reached XP level 5. HP: 9/30 MP: 5/5
  2606 | D:3      | Reached skill level 5 in Short Blades
  2741 | D:3      | Reached skill level 5 in Crossbows
  3031 | D:4      | Noticed an ogre
  3042 | D:4      | Killed an ogre
  3042 | D:4      | Reached XP level 6. HP: 37/37 MP: 6/6
  3057 | D:4      | Got an encrusted whip
  3058 | D:4      | Identified the +9 whip of Devuiwui {venom, Str+4 Stlth+} (You found it on level 4 of the Dungeon)
  3118 | D:4      | Got a distressingly furry cloak
  3270 | D:4      | Reached skill level 1 in Armour
  3276 | D:4      | HP: 1/37 [orc priest/war axe (9)]
  3277 | D:4      | Mangled by an orc priest

Skill      XL: |  1  2  3  4  5  6 |
---------------+-------------------+-----
Stealth        | 2 3 4 |  4.0
Short Blades   | 1 2 4 5 |  5.0
Crossbows      | 5 |  5.7
Fighting       | 3 |  3.5
Armour         | 1 |  1.0
Dodging        | |  2.8

Action                   |  1- 3 |  4- 6 || total
-------------------------+-------+-------++-------
Melee: Short sword       |    62 |   121 ||   183
       Whip              |       |    10 ||    10
 Fire: Hand crossbow     |     8 |    33 ||    41
  Use: Scroll            |       |     4 ||     4
 Stab: Sleeping          |     6 |    11 ||    17
       Distracted        |       |     1 ||     1
  Eat: Chunk             |     2 |    13 ||    15
Armor: Leather armour    |    14 |    20 ||    34
Dodge: Dodged            |    78 |   102 ||   180
